 Dungeon Crawl Stone Soup version 0.28.0-53-g5a82cb258f (webtiles) character file.

Game seed: 11621733387954961213

1449 Gabide the Skirmisher (level 9, -1/72 HPs)
             Began as a Formicid Monk on June 16, 2022.
             Was a Follower of Vehumet.
             Shot with a sling bullet by Joseph (8 damage)
             ... on level 7 of the Dungeon.
             The game lasted 00:12:29 (6843 turns).

Gabide the Skirmisher (Formicid Monk)               Turns: 6843, Time: 00:12:29

Health: -1/72      AC: 12    Str: 15    XL:     9   Next: 4%
Magic:  0/9        EV: 15    Int:  9    God:    Vehumet [*.....]
Gold:   324        SH:  0    Dex: 24    Spells: 8/8 levels left

rFire   . . .      SeeInvis +   k - +1 spear (flame)
rCold   . . .      Faith    .   (no shield)
rNeg    + . .      Spirit   +   d - +4 ring mail
rPois   +          Reflect  .   (helmet unavailable)
rElec   .          Harm     .   o - +2 ratskin cloak {*Rats rPois rN+ Str-1 Int-1 Dex+1}
rCorr   .          Rampage  .   (no gloves)
Will    .....                   (no boots)
Stlth   ++........              h - amulet of guardian spirit
HPRegen 0.22/turn               j - +4 ring of slaying
MPRegen 0.11/turn               m - +6 ring of dexterity

@: no status effects
A: permanent stasis, dig shafts and tunnels, antennae 3, four strong arms
a: Dig, Shaft Self, Renounce Religion


You were on level 7 of the Dungeon.
You worshipped Vehumet.
Vehumet was aware of your devotion.
You visited 2 branches of the dungeon, and saw 9 of its levels.

You collected 324 gold pieces.

Inventory:

Hand Weapons
 k - a +1 spear of flaming (weapon)
Missiles
 e - 136 stones
Armour
 b - +0 swamp dragon scales
 d - a +4 ring mail (worn)
 o - the +2 ratskin cloak (worn) {*Rats rPois rN+ Str-1 Int-1 Dex+1}
   (You found it on level 8 of the Dungeon)

   When the wearer is hurt, rats may emerge from it to assist them.
   Str:       It affects your strength (-1).
   Int:       It affects your intelligence (-1).
   Dex:       It affects your dexterity (+1).
   rPois:     It protects you from poison.
   rN:        It protects you from negative energy.
Jewellery
 h - an amulet of guardian spirit (around neck)
 j - a +4 ring of slaying (left hand)
 m - a +6 ring of dexterity (right hand)
 q - an amulet of reflection
Scrolls
 a - a scroll of brand weapon {unknown}
 c - a scroll of holy word
 l - a scroll of magic mapping
 n - a scroll of teleportation {unknown}
 r - a scroll of fog {unknown}
 s - a scroll of enchant weapon {unknown}
Potions
 f - a potion of haste {unknown}
 g - a potion of curing
 i - 2 potions of mutation
 p - 2 potions of lignification


   Skills:
 + Level 7.3 Fighting
 + Level 6.6 Polearms
 - Level 2.0 Armour
 + Level 6.0 Dodging
 - Level 2.4 Stealth


You had 8 spell levels left.
You didn't know any spells.
Your spell library contained the following spells:

 Spells                   Type           Power      Damage    Failure   Level
 Sandblast                Erth           0%         2d4       61%         1
 Freeze                   Ice            0%         1d3       61%         1
 Ensorcelled Hibernation  Hex/Ice        0%         N/A       75%         2
 Passwall                 Tmut/Erth      0%         N/A       75%         2
 Dazzling Flash           Conj/Hex       0%         N/A       93%         3
 Frozen Ramparts          Ice            0%         1d2       93%         3
 Lesser Beckoning         Tloc           0%         N/A       93%         3
 Cause Fear               Hex            0%         N/A       100%        4
 Hailstorm                Conj/Ice       0%         3d3       100%        4
 Iskenderun's Mystic Bla  Conj/Tloc      0%         2d3       100%        4
 Manifold Assault         Tloc           0%         N/A       100%        5
 Starburst                Conj/Fire      0%         6d3       100%        6
 Dragon Form              Tmut           0%         N/A       100%        7
 Dragon's Call            Summ           0%         N/A       100%        9
 Blink                    Tloc           Unusable   N/A       N/A         2
 Swiftness                Air            Unusable   N/A       N/A         3

Dungeon Overview and Level Annotations

Branches:
Dungeon (8/15)             Temple (1/1) D:4            Lair (0/6) D:8

Altars:
Ashenzari
Cheibriados
Dithmenos
Elyvilon
Fedhas
Gozag
Hepliaklqana
Kikubaaqudgha
Makhleb
Nemelex Xobeh
Okawaru
Qazlal
Ru
Sif Muna
Trog
Uskayaw
Vehumet
Wu Jian
Xom
Yredelemnul
Zin
The Shining One

Annotations:
D:7 Joseph


Innate Abilities, Weirdness & Mutations

You cannot be hasted, slowed, berserked, paralysed or teleported.
You can dig through walls and to a lower floor.
You have a pair of large antennae on your head. (SInv)
Your four strong arms can wield two-handed weapons with a shield.


Message History

Joseph misses you.
You closely miss Joseph.
Joseph is heavily wounded.
Joseph hits you with a +0 quarterstaff!
You hit Joseph. You burn Joseph.
Joseph is heavily wounded.
You hit Joseph. You burn Joseph.
Joseph is heavily wounded.
Joseph hits you with a +0 quarterstaff!
You are too injured to fight recklessly!
You are too injured to fight recklessly!
You are too injured to fight recklessly!
You are too injured to fight recklessly!
You are too injured to fight recklessly!
You are too injured to fight recklessly!
You are too injured to fight recklessly!
You are too injured to fight recklessly!
You are too injured to fight recklessly!
You are too injured to fight recklessly!
You are too injured to fight recklessly!
You are too injured to fight recklessly!
You are too injured to fight recklessly!
You are too injured to fight recklessly!
You are too injured to fight recklessly!
You hit Joseph. You burn Joseph.
Joseph is severely wounded.
Joseph hits you with a +0 quarterstaff!
A river rat scurries out from under your cloak.
You hit Joseph. You burn Joseph.
Joseph is severely wounded.
Joseph hits you with a +0 quarterstaff!
* * * LOW HITPOINT WARNING * * *
You feel better.
Your river rat bites Joseph!
Joseph hits you with a +0 quarterstaff!
* * * LOW HITPOINT WARNING * * *
A hell rat scurries out from under your cloak.
Your river rat bites Joseph.
Joseph unwields a +0 quarterstaff.
Joseph wields a +0 hunting sling.
Joseph shoots a sling bullet.
The sling bullet hits you!
You die...

########.#........#
..................#
####.#.##.####..>..# .. #.
#.#.............#
#..#.##.#.##.#........####
................(.........
#..........###.#<###..####
#..#.##.######.### #...#
#..r@.@r........#.##
#########+#######..##
#.... #.... #.... #....
#.... ####. #.


You could see Joseph (ally target), a friendly hell rat and a friendly river
rat.

Vanquished Creatures
  Maggie (D:6)
  A black bear (D:5)
  A necrophage (D:5)
  An ogre (D:4)
  2 centaurs
  A scorpion (D:4)
  5 killer bees (D:8)
  3 hounds (D:5)
  3 bullfrog skeletons
  2 jellies
  2 iguanas
  2 orc wizards (D:8)
  3 gnolls (D:2)
  5 adders
  A worm (D:3)
  2 dart slugs (D:3)
  8 orcs
  12 endoplasms
  2 giant cockroaches (D:1)
  11 goblins
  6 hobgoblins
  4 jackals (D:1)
  2 quokkas
  5 ball pythons
  3 bats
  6 frilled lizards
  4 kobolds
  A rat (D:3)
99 creatures vanquished.

Vanquished Creatures (others)
  16 fungi (D:5)
  11 plants (D:8)
27 creatures vanquished.

Grand Total: 126 creatures vanquished

Notes
Turn   | Place    | Note
-------+----------+-------------------------------------------
     0 | D:1      | Gabide the Formicid Monk began the quest for the Orb.
     0 | D:1      | Reached XP level 1. HP: 18/18 MP: 1/1
   363 | D:1      | Reached XP level 2. HP: 23/24 MP: 2/2
   703 | D:1      | Reached skill level 1 in Armour
   720 | D:1      | Reached XP level 3. HP: 29/29 MP: 3/3
  1177 | D:2      | Reached XP level 4. HP: 16/37 MP: 4/4
  1656 | D:1      | Reached skill level 4 in Fighting
  2059 | D:2      | Reached XP level 5. HP: 37/42 MP: 5/5
  2267 | D:2      | Found a faded altar of an unknown god.
  2306 | D:2      | Prayed at the altar of an unknown god.
  2306 | D:2      | Became a worshipper of the Shining One
  2306 | D:2      | Reached * piety under the Shining One
  2306 | D:2      | Reached ** piety under the Shining One
  2307 | D:2      | Fell from the grace of the Shining One
  3085 | D:4      | Found a staircase to the Ecumenical Temple.
  3102 | Temple   | Entered the Ecumenical Temple
  3402 | Temple   | Became a worshipper of Vehumet
  3519 | D:4      | Noticed an ogre
  3529 | D:4      | Killed an ogre
  3530 | D:4      | Reached XP level 6. HP: 50/50 MP: 6/6
  3618 | D:4      | Found a stormy altar of Qazlal.
  3620 | D:4      | Noticed a water elemental
  3621 | D:4      | Noticed an air elemental
  3621 | D:4      | Noticed a fire elemental
  3775 | D:4      | Reached skill level 5 in Fighting
  4176 | D:4      | Noticed an orc warrior
  4196 | D:4      | HP: 2/51 [orc warrior/+0 mace (9)]
  4574 | D:5      | Entered Level 5 of the Dungeon
  4580 | D:5      | Reached XP level 7. HP: 50/56 MP: 4/7
  4712 | D:5      | Reached skill level 5 in Polearms
  5576 | D:6      | Reached XP level 8. HP: 54/64 MP: 6/8
  5649 | D:6      | Reached skill level 6 in Fighting
  5649 | D:6      | Reached skill level 5 in Dodging
  5903 | D:6      | Noticed Maggie
  5949 | D:6      | Killed Maggie
  6273 | D:6      | You fall into a shaft and drop 2 floors!
  6323 | D:8      | Found the +2 ratskin cloak {*Rats rPois rN+ Str-1 Int-1
                  | Dex+1}
  6465 | D:8      | Found a staircase to the Lair.
  6487 | D:8      | Reached skill level 7 in Fighting
  6497 | D:8      | Reached * piety under Vehumet
  6497 | D:8      | Offered knowledge of Sandblast by Vehumet.
  6500 | D:8      | Reached XP level 9. HP: 42/72 MP: 7/9
  6766 | D:8      | Noticed a white ugly thing
  6820 | D:7      | Noticed Joseph
  6843 | D:7      | Shot with a sling bullet by Joseph

Illustrated notes

Levels and vault maps discovered:
D:1:      nagdon_arrival_double_spiral, layout_basic
D:2:      layout_rooms, ebering_ecumenical_altar_sacrificial
D:3:      layout_rooms
D:4:      kennysheep_big_flooded_room, layout_basic,
          nicolae_qazlal_style_of_elements, minmay_temple_entry_grid,
          roderic_batcave, uniq_sigmund
D:5:      layout_basic, serial_aquarium, aquarium_bridge_straight
          [aquarium_subvault_bridge, aquarium_subvault_wall,
          aquarium_subvault_bridge, aquarium_subvault_wall],
          aquarium_bridge_long_joined [aquarium_subvault_wall,
          aquarium_subvault_bridge, aquarium_subvault_wall,
          aquarium_subvault_window, aquarium_subvault_bridge,
          aquarium_subvault_wall], aquarium_window_1, aquarium_window_1,
          aquarium_window_1, aquarium_view_2b, aquarium_balcony_1b,
          aquarium_pool_1, kennysheep_diamond, st_stairs_2,
          columned_hall_lemuel, eino_curves_02
D:6:      layout_basic, uniq_maggie
D:7:      layout_basic, uniq_joseph
D:8:      layout_loops_cross, lair_entry_dummy, minivault_5, chequers_big_river
Temple:   roderic_octagonal_lattice_temple

Skill      XL: |  1  2  3  4  5  6  7  8 |
---------------+-------------------------+-----
Armour         | 1 2 |  2.0
Dodging        | 3 4 6 |  6.0
Fighting       | 4 5 7 |  7.3
Polearms       | 4 5 6 |  6.6
Stealth        | |  2.4

Action                   |  1- 3 |  4- 6 |  7- 9 || total
-------------------------+-------+-------+-------++-------
Melee: Spear             |   131 |   152 |   200 ||   483
       Punch             |     1 |     6 |     6 ||    13
       Flail             |       |    59 |       ||    59
Throw: Stone             |    10 |     3 |       ||    13
Invok: Renounce Religion |       |     1 |       ||     1
Evoke: Wand              |       |     8 |       ||     8
  Use: Potion            |       |     5 |     2 ||     7
       Scroll            |       |     3 |     3 ||     6
 Stab: Sleeping          |     2 |     3 |     3 ||     8
       Paralysed         |       |     9 |       ||     9
Armor: Ring mail         |    44 |    67 |    51 ||   162
Dodge: Dodged            |    59 |    91 |    87 ||   237
